 Dungeon Crawl Stone Soup version 0.23-a0-183-gf37f6fb (webtiles) character file.

2354 mhoghedin the Archer (level 9, -5/81 (82) HPs)
             Began as a Centaur Hunter on Sept 22, 2018.
             Was an Initiate of Elyvilon.
             Asphyxiated
             ... on level 7 of the Dungeon.
             The game lasted 00:13:44 (7720 turns).

mhoghedin the Archer (Centaur Hunter)               Turns: 7720, Time: 00:13:45

HP:   -5/81 (82)    AC:  9    Str: 16    XL:     9   Next: 20%
MP:   9/9           EV:  5    Int: 10    God:    Elyvilon [......]
Gold: 419           SH:  0    Dex: 18    Spells: 8/8 levels left

rFire    . . .     SeeInvis .     - Unarmed
rCold    + . .     Gourm    .   (no shield)
rNeg     + . .     Faith    .   c - +1 chain mail "Amiteni" {rElec rN+ Stlth-}
rPois    .         Spirit   .   m - +0 helmet
rElec    +         Reflect  .   (no cloak)
rCorr    .         Harm     .   (no gloves)
MR       .....                  (no barding)
Stlth    ..........             (no amulet)
HPRegen  0.23/turn              v - ring of protection from cold {rC+, !d}
MPRegen  0.11/turn              y - +6 ring of dexterity

@: lethally poisoned (-5 -> -49), slowed
A: large, hooves 3, deformed body, speed 2, tough skin 3
a: Renounce Religion


You were on level 7 of the Dungeon.
You worshipped Elyvilon.
Elyvilon was noncommittal.
You were not hungry.

You visited 2 branches of the dungeon, and saw 8 of its levels.

You collected 419 gold pieces.

Inventory:

Hand Weapons
 a - a +1 shortbow
Missiles
 d - 53 arrows
Armour
 c - the +1 chain mail "Amiteni" (worn) {rElec rN+ Stlth-}
   (You found it on level 7 of the Dungeon)

   It insulates you from electricity.
   It protects you from negative energy.
   It makes you less stealthy.
 m - a +0 helmet (worn)
   (You found it on level 2 of the Dungeon)
 t - a +0 leather armour of fire resistance
   (You found it on level 3 of the Dungeon)
 A - the +1 robe of the Iron City of Dis {rPois MR+++ Dex-3, unknown}
   (You took it off a hobgoblin on level 7 of the Dungeon)

   It affects your dexterity (-3).
   It protects you from poison.
   It affects your resistance to hostile enchantments.
Jewellery
 v - a ring of protection from cold (left hand) {rC+, !d}
   (You found it on level 5 of the Dungeon)
 y - a +6 ring of dexterity (right hand)
   (You found it on level 7 of the Dungeon)
Wands
 u - a wand of disintegration (19)
   (You found it on level 5 of the Dungeon)
 x - a wand of acid (8)
   (You found it on level 7 of the Dungeon)
Scrolls
 g - 3 scrolls of enchant weapon {unknown}
 i - 3 scrolls of remove curse
 j - 10 scrolls of identify {unknown}
 k - 2 scrolls of fog {unknown}
 l - 5 scrolls of teleportation
 n - a scroll of noise {unknown}
 o - 4 scrolls of amnesia {unknown}
 q - 3 scrolls of enchant armour {unknown}
 w - a scroll of fear {unknown}
Potions
 e - a potion of heal wounds {unknown}
 h - a potion of brilliance {unknown}
 p - 2 potions of curing {unknown}
 r - a potion of lignification {unknown}
 s - a potion of ambrosia {unknown}
 z - a potion of might {unknown}
Comestibles
 b - 4 chunks of flesh {@w0}
 f - 8 rations


   Skills:
 - Level 8.5 Fighting
 - Level 11.7 Bows
 - Level 1.6 Dodging
 - Level 0.4 Stealth
 + Level 3.6 Unarmed Combat


You had 8 spell levels left.
You didn't know any spells.
Your spell library contained the following spells:

 Spells                   Type           Power        Failure   Level  Hunger
 Confusing Touch          Hex            #.....       100%        1    ##.....
 Confuse                  Hex            #.......     100%        3    ####...
 Gell's Gravitas          Tloc           #.........   100%        3    ####...
 Petrify                  Tmut/Erth      #.......     100%        4    #####..
 Metabolic Englaciation   Hex/Ice        #.........   100%        5    ######.
 Yara's Violent Unravell  Hex/Tmut       #.........   100%        5    ######.


Dungeon Overview and Level Annotations

Branches:
Dungeon (7/15)             Temple (1/1) D:7

Altars:
Ashenzari
Dithmenos
Elyvilon
Fedhas
Kikubaaqudgha
Nemelex Xobeh
Okawaru
Qazlal
Sif Muna
Uskayaw
Vehumet
Wu Jian
Xom
Yredelemnul
Zin


Innate Abilities, Weirdness & Mutations

You have hooves in place of feet.
Armour fits poorly on your strangely shaped body.
You cover ground very quickly.
You have extremely tough skin. (AC +3)


Message History

You kill the centaur!
Things that are here:
an orc corpse; a kobold corpse You close the door.
Things that are here:
a club x2; a dagger You start resting.
Something unseen opens the door.
You regained 11 hp, and now have 21/81 hp.
Unknown command.
A hobgoblin comes into view. It is wielding a whip.
A hobgoblin is nearby!
The hobgoblin shouts!
You hear a shout! x2
The hobgoblin hits you with a whip.
* * * LOW HITPOINT WARNING * * *
You hear a shout!
Things that are here:
a club x2; a dagger You take 2 damage, and have 19/81 hp.
You hit the hobgoblin but do no damage.
You kick the hobgoblin, but do no damage.
The hobgoblin barely misses you.
You closely miss the hobgoblin. Your kick misses the hobgoblin.
The hobgoblin hits you with a whip.
* * * LOW HITPOINT WARNING * * *
You take 3 damage, and have 17/81 hp.
You punch the hobgoblin!
You kill the hobgoblin!
Unknown command.
You close the door, pushing everything out of the way.
You start resting.
Some of the chunks of flesh in your inventory have rotted away.
Eating one of 7 chunks of flesh {@w0}.
You eat one of the 7 chunks of flesh {@w0}.
Some of the chunks of flesh in your inventory have rotted away.
Something unseen opens the door.
You regained 6 hp, and now have 23/81 hp.
You close the door.
Something unseen opens the door.
A kobold comes into view. It is wielding a short sword.
The kobold shouts!
The kobold hits you but does no damage.
There is an open door, spattered with blood here.
You hit the kobold. Your kick misses the kobold.
The kobold hits you but does no damage.
You punch the kobold!
You kill the kobold!
You now have 419 gold pieces (gained 16).
d - 50 arrows (gained 27)
Items here: ( ))) †† a short sword; 2 stones; an uncursed shortbow; a giant spiked club a kobold corpse; a hound corpse
d - 53 arrows (gained 3)
You see here a hobgoblin corpse.
The kobold shouts!
You hear a shout!
You see here an arrow.
An orc priest comes into view. It is wielding a flail.
The orc priest shouts!
You hear a shout!
You see here an arrow.
Things that are here:
an arrow; a hand axe; 20 gold pieces You see here an arrow.
The kobold unwields an uncursed short sword of venom.
It stops dripping with poison.
The kobold wields a blowgun.
The kobold shoots a curare-tipped needle.
The curare-tipped needle hits you.
You are poisoned.
You have difficulty breathing.
* * * LOW HITPOINT WARNING * * *
You feel yourself slow down.
Things that are here:
a curare-tipped needle; an arrow You take 9 damage, and have 16/81 hp.
You feel sick.
The kobold shoots a curare-tipped needle.
The curare-tipped needle hits you.
You are lethally poisoned!
You have difficulty breathing.
* * * LOW HITPOINT WARNING * * *
You feel as though you will be slow longer.
You see here a hobgoblin corpse.
You take 7 damage, and have 9/81 hp.
Unknown command.
* * * LOW HITPOINT WARNING * * *
You feel sick.
The orc priest miscasts a cantrip.
The kobold shoots a curare-tipped needle.
The curare-tipped needle hits you.
You are more poisoned.
You have difficulty breathing.
Elyvilon protects you from harm!
You feel as though you will be slow longer.
Items here: (( ))) †† You take 1 damage, and have 8/81 hp.
* * * LOW HITPOINT WARNING * * *
You feel very sick.
The kobold shoots a curare-tipped needle.
The curare-tipped needle hits you.
You are more poisoned.
You have difficulty breathing.
You die... ##....P.P.....P♣P♣P..P.P.P♣ #.....P♣P.....PP♣PP!.P♣P♣.♣ #...P♣PPP♣....♣♣♣♣P..♣♣♣### #...PPPPP#'''## ##### !..♣P♣♣♣P#...# ghKh ..PP♣#####.>.# .OKgg.

#...#.[.# ..c.[g P
#...#†).# ........
.♣PP#...#@########g'##
....#...[)(†(((.K.....
....#...)..(....o.....
######################


You could see an orc priest and a kobold.

Vanquished Creatures
  A hippogriff (D:7)
  Menkaure (D:7)
  A black bear (D:7)
  3 ice beasts
  A necrophage (D:6)
  3 ogres
  A centaur (D:7)
  A crocodile (D:7)
  A bullfrog (D:6)
  A water moccasin zombie (D:6)
  A scorpion (D:7)
  4 howler monkeys
  A bullfrog zombie (D:6)
  8 hounds
  2 jellies
  A gnoll shaman (D:7)
  An orc priest (D:6)
  5 orc wizards
  3 worker ants
  A worker ant zombie (D:6)
  A gnoll (D:7)
  9 adders
  A shadow imp (D:6)
  2 oozes
  2 worms
  5 dart slugs
  7 leopard geckos
  25 orcs
  6 bats
  6 giant cockroaches
  9 goblins
  12 hobgoblins
  7 jackals
  14 kobolds
  6 quokkas
  A ball python (D:3)
  7 frilled lizards
  2 jackal skeletons
  2 leopard gecko skeletons
  6 rats
171 creatures vanquished.

Notes
Turn   | Place    | Note
-------+----------+-------------------------------------------
     0 | D:1      | mhoghedin the Centaur Hunter began the quest for the Orb.
     0 | D:1      | Reached XP level 1. HP: 17/17 MP: 1/1
   130 | D:1      | Reached XP level 2. HP: 24/24 MP: 2/2
   459 | D:1      | Reached XP level 3. HP: 28/30 MP: 3/3
   559 | D:1      | Reached skill level 6 in Bows
   876 | D:2      | Reached skill level 3 in Fighting
   983 | D:2      | Reached XP level 4. HP: 17/38 MP: 4/4
  2285 | D:3      | Reached XP level 5. HP: 24/46 MP: 5/5
  2289 | D:3      | Reached skill level 4 in Fighting
  2289 | D:3      | Reached skill level 7 in Bows
  3605 | D:4      | Found a basalt altar of Yredelemnul.
  3676 | D:4      | You fall through a shaft!
  3676 | D:5      | Entered Level 5 of the Dungeon
  3686 | D:5      | Reached XP level 6. HP: 47/53 MP: 6/6
  3957 | D:5      | Noticed an ice beast
  3961 | D:5      | Killed an ice beast
  3961 | D:5      | Reached skill level 5 in Fighting
  3961 | D:5      | Reached skill level 8 in Bows
  4508 | D:6      | Reached XP level 7. HP: 58/61 MP: 7/7
  4689 | D:6      | Reached skill level 9 in Bows
  4722 | D:6      | HP: 14/62 [orc/flail (5)]
  5207 | D:6      | Reached skill level 6 in Fighting
  5353 | D:6      | HP: 15/63 [acid (10)]
  5646 | D:6      | Reached skill level 10 in Bows
  5646 | D:6      | Reached XP level 8. HP: 33/70 MP: 8/8
  6092 | D:6      | Reached skill level 7 in Fighting
  6444 | D:7      | HP: 18/72 [crocodile (7)]
  6450 | D:7      | HP: 10/72 [crocodile (1)]
  6780 | D:7      | Found a staircase to the Ecumenical Temple.
  6889 | D:7      | Noticed a hippogriff
  6898 | D:7      | Killed a hippogriff
  6898 | D:7      | Reached skill level 8 in Fighting
  6898 | D:7      | Reached skill level 11 in Bows
  6957 | Temple   | Entered the Ecumenical Temple
  7155 | Temple   | Became a worshipper of Elyvilon the Healer
  7245 | D:7      | Got a scorched chain mail
  7262 | D:7      | Identified the +1 chain mail "Amiteni" {rElec rN+ Stlth-}
                  | (You found it on level 7 of the Dungeon)
  7320 | D:7      | Noticed Menkaure
  7323 | D:7      | Killed Menkaure
  7323 | D:7      | Reached XP level 9. HP: 81/81 MP: 9/9
  7437 | D:7      | Reached skill level 1 in Unarmed Combat
  7542 | D:7      | Reached skill level 2 in Unarmed Combat
  7579 | D:7      | HP: 20/81 [orc wizard/dagger (2)]
  7585 | D:7      | Reached skill level 3 in Unarmed Combat
  7587 | D:7      | Got a shadowed robe
  7610 | D:7      | HP: 20/81 [centaur/arrow (3)]
  7616 | D:7      | HP: 16/81 [centaur (5)]
  7676 | D:7      | HP: 19/81 [hobgoblin/whip (2)]
  7717 | D:7      | HP: 16/81 [asphyx]
  7719 | D:7      | Elyvilon protects you from harm!
  7720 | D:7      | HP: 5/81 [poisoned by kobold (curare-tipped needle)]
  7720 | D:7      | Asphyxiated

Vault maps used:
D:1:      lightli_arrival_chessboard
D:2:      minmay_wonky_spiral, first_ration
D:3:      portal_sewer_entry_f
D:4:      kennysheep_mini_moat
D:7:      kennysheep_housing_project, temple_statues, uniq_menkaure
Temple:   nicolae_temple_great_sept

Skill      XL: |  1  2  3  4  5  6  7  8  9 |
---------------+----------------------------+-----
Bows           | 6 7 8 10 11 | 11.7
Fighting       | 3 4 5 6 8 |  8.5
Unarmed Combat | 3 |  3.6
Dodging        | |  1.6
Stealth        | |  0.4

Action                   |  1- 3 |  4- 6 |  7- 9 || total
-------------------------+-------+-------+-------++-------
Melee: Dagger            |       |    69 |   180 ||   249
       Kick              |       |    17 |    90 ||   107
       Unarmed           |       |       |    78 ||    78
 Fire: Shortbow          |   112 |   161 |    48 ||   321
Evoke: Wand              |       |     2 |     1 ||     3
  Use: Scroll            |       |       |     3 ||     3
  Eat: Ration            |       |     2 |     2 ||     4
       Chunk             |       |     1 |     3 ||     4
Armor: Leather armour    |    16 |    34 |    58 ||   108
       Chain mail        |       |       |    40 ||    40
Dodge: Dodged            |    27 |    55 |    99 ||   181

Table legend:
 A = Non-vault XP
 B = Vault XP
 C = Vault XP percentage of total XP
 D = Non-vault monster count
 E = Vault monster count
 F = Vault count percentage of total count
                 A         B        C        D         E       F
            +---------+---------+-------+---------+---------+-------
      Total |    2622 |     741 |  22.0 |     142 |      29 |  17.0
            +---------+---------+-------+---------+---------+-------
        D:1 |      55 |       0 |   0.0 |      28 |       0 |   0.0
        D:2 |      69 |       6 |   8.0 |      17 |       4 |  19.0
        D:3 |     175 |      13 |   6.9 |      38 |       5 |  11.6
        D:4 |      61 |       0 |   0.0 |       4 |       0 |   0.0
        D:5 |     341 |       0 |   0.0 |      14 |       0 |   0.0
        D:6 |     893 |       0 |   0.0 |      27 |       0 |   0.0
        D:7 |    1028 |     722 |  41.3 |      14 |      20 |  58.8
            +---------+---------+-------+---------+---------+-------

Vault maps used:
D:1:      lightli_arrival_chessboard
D:2:      minmay_wonky_spiral, first_ration
D:3:      portal_sewer_entry_f
D:4:      kennysheep_mini_moat
D:7:      kennysheep_housing_project, temple_statues, uniq_menkaure
Temple:   nicolae_temple_great_sept

Table legend:
 A = Turns spent in this place as a percentage of turns spent in the entire game.
 B = Non-inter-level travel turns spent in this place as a percentage of non-inter-level travel turns spent in the entire game.
 C = Inter-level travel turns spent in this place as a percentage of turns spent in this place.
 D = Turns resting spent in this place as a percentage of non-inter-level travel turns spent in this place.
 E = Turns spent auto-exploring this place as a percentage of non-inter-level travel turns spent in this place.
 F = Non-inter-level travel turns spent in this place divided by the number of levels of this place that you've seen.
                   A       B       C       D       E      F
               +-------+-------+-------+-------+-------+----------------------
         Total | 100.0 | 100.0 |   2.6 |  29.5 |  52.1 | 939.9
       Dungeon |  97.3 |  97.3 |   2.6 |  30.3 |  52.6 | 1045.6
        Temple |   2.7 |   2.7 |   3.8 |   0.0 |  36.5 | 200.0
               +-------+-------+-------+-------+-------+----------------------

Table legend:
 A = Kills in this place as a percentage of kills in entire the game.
 B = Kills by you in this place as a percentage of kills by you in the entire game.
 C = Kills by friends in this place as a percentage of kills by friends in the entire game.
 D = Other kills in this place as a percentage of other kills in the entire game.
 E = Experience gained in this place as a percentage of experience gained in the entire game.
 F = Experience gained in this place divided by the number of levels of this place that you have seen.
                   A       B       C       D       E      F
               +-------+-------+-------+-------+-------+----------------------
         Total | 100.0 | 100.0 |   N/A |   N/A | 100.0 | 420.4
       Dungeon | 100.0 | 100.0 |   N/A |   N/A | 100.0 | 480.4
               +-------+-------+-------+-------+-------+----------------------
